 Dungeon Crawl Stone Soup version 0.18-a0-846-g91b95b1 (webtiles) character file.

7202 root the Destroyer (level 10, -27/74 HPs)
             Began as a Demigod Conjurer on Dec 19, 2015.
             Hit by a large rock thrown by a stone giant (38 damage)
             ... on level 1 of the Orcish Mines on Dec 20, 2015.
             The game lasted 01:01:52 (10663 turns).

root the Destroyer (Demigod Conjurer)              Turns: 10663, Time: 01:01:52

Health: -27/74     AC:  8    Str: 20    XL:     10   Next: 57%
Magic:  18/27      EV: 18    Int: 25    God:
Gold:   199        SH:  0    Dex: 21    Spells: 4 memorised, 16 levels left

rFire  . . .     SeeInvis .     g - +3 whip of Exchange {slash, -Tele Int+6 Dex+2}
rCold  + . .     Gourm    .     O - +0 troll leather armour
rNeg   . . .     Faith    .     (no shield)
rPois  .         Spirit   .     u - +2 helmet of the Crown {rElec rC+ Str+3}
rElec  +         Dismiss  .     (no cloak)
rCorr  .         Reflect  .     k - +0 pair of gloves
SustAt +         Harm     .     (no boots)
MR     ++...     NoTele   +     (no amulet)
Stlth  ++........               s - +3 ring of dexterity
                                n - ring of protection from magic

@: very resistant to hostile enchantments, unstealthy
A: high mp 1, sustain attributes
a: no special abilities


You were on level 1 of the Orcish Mines.
You were not hungry.

You visited 2 branches of the dungeon, and saw 11 of its levels.

You collected 594 gold pieces.
You spent 395 gold pieces at shops.

Inventory:

Hand Weapons
 g - the +3 whip of Exchange (weapon) {slash, -Tele Int+6 Dex+2}
   (You bought it in a shop on level 9 of the Dungeon)

   It inflicts extra damage upon your enemies.
   It affects your intelligence (+6).
   It affects your dexterity (+2).
   It prevents most forms of teleportation.
Missiles
 J - a throwing net (quivered)
Armour
 k - a +0 pair of gloves (worn)
 u - the +2 helmet of the Crown (worn) {rElec rC+ Str+3}
   (You found it on level 4 of the Dungeon)

   It affects your strength (+3).
   It protects you from cold.
   It insulates you from electricity.
 y - a +0 buckler
 O - a +0 troll leather armour (worn)
Jewellery
 n - a ring of protection from magic (left hand)
 s - a +3 ring of dexterity (right hand)
Wands
 t - a wand of invisibility (7/9)
 H - a wand of paralysis (16/24)
 K - a wand of disintegration (15/24)
Scrolls
 e - 6 scrolls of identify
 h - a scroll of amnesia
 i - 3 scrolls of remove curse
 p - a scroll of enchant weapon
 x - 2 scrolls of fog
 E - a scroll of random uselessness
Potions
 l - a potion of resistance
 m - a potion of invisibility
 o - 5 potions of curing
 q - a potion of lignification
 w - a potion of ambrosia
 z - a potion of heal wounds
 A - a potion of flight
 C - 2 potions of haste
 D - 2 potions of agility
 F - a potion of brilliance
Books
 b - a book of Conjurations

   Spells                             Type                      Level
   a - Magic Dart                     Conjuration                  1
   b - Searing Ray                    Conjuration                  2
   c - Dazzling Spray                 Conjuration/Hexes            3
   d - Fulminant Prism                Conjuration/Hexes            4
   e - Iskenderun's Mystic Blast      Conjuration                  4
   f - Iskenderun's Battlesphere      Conjuration/Charms           5
Miscellaneous
 M - a phial of floods
Comestibles
 c - 9 bread rations
 j - 3 meat rations
 G - 3 beef jerkies
 N - 9 chunks of flesh


   Skills:
 + Level 2.4 Fighting
 + Level 0.3 Maces & Flails
 + Level 0.1 Armour
 + Level 7.6 Dodging
 - Level 1.7 Stealth
 + Level 8.7 Spellcasting
 + Level 9.8 Conjurations
 + Level 2.3 Hexes


You had 16 spell levels left.
You knew the following spells:

 Your Spells              Type           Power        Failure   Level  Hunger
a - Magic Dart            Conj           ####         1%          1    None
b - Searing Ray           Conj           ######       1%          2    None
c - Dazzling Spray        Conj/Hex       #####...     1%          3    None
d - Iskenderun's Mystic   Conj           ######..     1%          4    ##.....


Dungeon Overview and Level Annotations

Branches:
Dungeon (11/15)            Temple (0/1) D:5             Orc (1/2) D:9
   Lair: D:8-11

Shops:
D:4 !   D:9 %(%[

Annotations:
D:7 tof's ghost, novice MiMo


Innate Abilities, Weirdness & Mutations

You have an increased reservoir of magic (+10% MP).
Your attributes are resistant to harm.


Message History

Confirm with . or Enter, or press ? or * to list all spells.
Aiming: Iskenderun's Mystic Blast
Press: ? - help, Shift-Dir - straight line, f/p - stone giant
Aim: a stone giant The orb of energy hits the stone giant.
The stone giant is lightly wounded.
The stone giant throws a large rock.
The large rock hits you!!!
Ouch! That really hurt!
* * * LOW HITPOINT WARNING * * *
Casting: Iskenderun's Mystic Blast
Confirm with . or Enter, or press ? or * to list all spells.
Aiming: Iskenderun's Mystic Blast
Press: ? - help, Shift-Dir - straight line, f/p - stone giant
Aim: a stone giant (lightly wounded)
The orb of energy hits the stone giant.
The stone giant is moderately wounded.
The orb of energy explodes!
The stone giant throws a large rock.
The large rock hits you!!!
Ouch! That really hurt!
You die...

###.>.# ##.#...## .# ##
#<..#...# ...#
##.####)....##
....##...###[.#...###
.....#...#.)....##.## .
................#...#
.. ##.............##.##
...#........@..#.##...#
...............###..##
.##.......>...#....#
.#. #...............##
.....#.............###
#..C#.........##
#...$........##
..............##
..#............##


You could see a stone giant.

Vanquished Creatures
  Sonja (D:10)
  2 hill giants (D:10)
  An ugly thing (D:11)
  A manticore (D:11)
  A two-headed ogre (D:9)
  A troll (D:11)
  A wyvern (D:9)
  A wraith (D:10)
  Menkaure (D:5)
  A hippogriff (D:9)
  A water moccasin (D:9)
  4 orc warriors
  2 phantoms
  2 ice beasts (D:5)
  2 sky beasts
  A black bear (D:9)
  An eye of draining (D:10)
  2 ogres
  4 centaurs
  A wyvern zombie (D:10)
  2 giant frogs
  A wyvern skeleton (D:11)
  A scorpion (D:4)
  5 killer bees (D:9)
  3 crimson imps (D:9)
  A centaur zombie (D:9)
  A quasit (D:9)
  4 iguanas
  3 giant frog zombies
  4 hounds
  2 jellies
  2 centaur skeletons
  5 orc priests
  3 giant frog skeletons
  Terence (D:2)
  8 orc wizards
  9 worker ants
  A sheep (D:9)
  A hound skeleton (D:9)
  3 gnolls (D:4)
  A worker ant zombie (D:6)
  12 adders
  A shadow imp (D:11)
  An adder zombie (D:9)
  An adder skeleton (D:9)
  26 orcs
  4 bats (D:2)
  6 giant cockroaches
  A hobgoblin (D:3)
  16 jackals
  13 kobolds
  4 quokkas
  A giant cockroach zombie (D:5)
  2 giant geckos
  2 giant gecko skeletons (D:5)
  6 giant newts
  5 goblins
  A quokka skeleton (D:4)
  A quokka zombie (D:9)
  3 rats
198 creatures vanquished.

Notes
Turn   | Place    | Note
--------------------------------------------------------------
     0 | D:1      | root the Demigod Conjurer began the quest for the Orb.
     0 | D:1      | Reached XP level 1. HP: 14/14 MP: 5/5
   585 | D:2      | Reached skill level 4 in Conjurations
   585 | D:2      | Reached XP level 2. HP: 20/20 MP: 2/7
   907 | D:2      | Reached XP level 3. HP: 26/26 MP: 3/9
  1021 | D:2      | Learned a level 2 spell: Searing Ray
  1025 | D:2      | Learned a level 3 spell: Dazzling Spray
  1038 | D:2      | Noticed Terence
  1046 | D:2      | Killed Terence
  1161 | D:2      | Found a shadowy altar of Dithmenos.
  1303 | D:2      | Reached XP level 4. HP: 33/33 MP: 6/10
  2609 | D:4      | Reached skill level 5 in Conjurations
  2609 | D:4      | Reached XP level 5. HP: 38/38 MP: 4/13
  2615 | D:4      | Got a crude helmet
  2626 | D:4      | Identified the +2 helmet of the Crown {rElec rC+ Str+3} (You found it on level 4 of the Dungeon)
  2843 | D:4      | Found Dicemiro's Distillery.
  3282 | D:4      | Reached XP level 6. HP: 45/45 MP: 8/15
  3350 | D:4      | Bought a potion of heal wounds for 70 gold pieces
  3350 | D:4      | Bought a potion of curing for 42 gold pieces
  3350 | D:4      | Bought a potion of degeneration for 14 gold pieces
  3350 | D:4      | Bought a potion of poison for 14 gold pieces
  3712 | D:5      | Entered Level 5 of the Dungeon
  3843 | D:5      | Noticed Menkaure
  4008 | D:5      | Killed Menkaure
  4229 | D:5      | Reached XP level 7. HP: 51/51 MP: 9/17
  4236 | D:5      | Reached skill level 5 in Spellcasting
  4347 | D:5      | Reached skill level 6 in Conjurations
  4384 | D:5      | Found a staircase to the Ecumenical Temple.
  5424 | D:5      | Reached XP level 8. HP: 40/58 MP: 12/20
  5625 | D:6      | Found a blossoming altar of Fedhas.
  5627 | D:6      | Found an ancient bone altar of Kikubaaqudgha.
  5650 | D:6      | Found a snail-covered altar of Cheibriados.
  6098 | D:6      | Reached skill level 1 in Fighting
  6098 | D:6      | Reached skill level 7 in Conjurations
  6149 | D:6      | Reached skill level 1 in Hexes
  6452 | D:7      | Noticed tof's ghost (novice MiMo)
  6640 | D:7      | Learned a level 4 spell: Iskenderun's Mystic Blast
  6814 | D:7      | You fall through a shaft for 2 floors!
  6883 | D:9      | Upgraded the game from 0.18-a0-844-g9229740 to 0.18-a0-846-g91b95b1
  6899 | D:9      | Found Ycsoun Fahye's Antique Weapon Shop.
  6950 | D:9      | Noticed a two-headed ogre
  6954 | D:9      | Killed a two-headed ogre
  7171 | D:9      | Found a staircase to the Orcish Mines.
  7355 | D:9      | Found Jazakhos's Food Boutique.
  7528 | D:9      | Reached XP level 9. HP: 46/64 MP: 8/23
  7582 | D:9      | Reached skill level 5 in Dodging
  7582 | D:9      | Reached skill level 8 in Conjurations
  7865 | D:9      | Found Tezxute's Antique Armour Emporium.
  7907 | D:9      | Found a sacrificial altar of Ru.
  7943 | D:9      | Found a bloodstained altar of Trog.
  8165 | D:9      | Found Booxkygh's Food Boutique.
  8579 | D:9      | Found a shattered altar of Ashenzari.
  8582 | D:9      | Found a deep blue altar of Sif Muna.
  8584 | D:9      | Found a sparkling altar of Nemelex Xobeh.
  8797 | D:9      | Bought an encrusted whip for 255 gold pieces
  8797 | D:9      | Identified the cursed +3 whip of Exchange {slash, -Tele Int+6 Dex+2} (You bought it in a shop on level 9 of the Dungeon)
  8826 | D:10     | Entered Level 10 of the Dungeon
  8855 | D:10     | Noticed a hill giant
  8869 | D:10     | Killed a hill giant
  9118 | D:10     | Noticed Sonja
  9129 | D:10     | Killed Sonja
  9129 | D:10     | Reached skill level 9 in Conjurations
  9129 | D:10     | Reached XP level 10. HP: 66/73 MP: 7/26
  9308 | D:10     | Noticed a hill giant
  9315 | D:10     | Killed a hill giant
  9909 | D:11     | Noticed a manticore
  9917 | D:11     | Killed a manticore
 10010 | D:11     | Noticed a green ugly thing
 10016 | D:11     | Killed a green ugly thing
 10429 | Orc:1    | Entered Level 1 of the Orcish Mines
 10654 | Orc:1    | Noticed a stone giant
 10663 | Orc:1    | Hit by a large rock thrown by a stone giant

Vault maps used:
D:1:      dpeg_arrival_simpleton_a
D:2:      lemuel_doored_altar, uniq_terence
D:4:      serial_shops, nicolae_shop_temple_entry_statues_fountains
D:5:      minmay_temple_entry_butterflies, first_bread, st_stairs_5,
          uniq_menkaure
D:6:      grunt_temple_overflow_growth_and_decay, kennysheep_mini_moat
D:7:      mumra_celtic_spiral_tile
D:9:      nicolae_ru_path_of_blood, nicolae_overflow_hidden_temple,
          serial_shops, nicolae_shop_temple_entry_statues_fountains,
          nicolae_shop_statue_plus, nicolae_shop_trees,
          nicolae_shop_overgrown_old_shop, trog_butcher_becter
D:10:     uniq_sonja
D:11:     david_lair_generic, blue_anna_alchemist
Orc:1:    basic_altar

Action                   |  1- 3 |  4- 6 |  7- 9 | 10-12 || total
-------------------------+-------+-------+-------+-------++-------
Melee: Unarmed           |       |       |    42 |       ||    42
       Whip              |       |       |       |    28 ||    28
 Cast: Magic Dart        |    61 |   111 |   148 |    33 ||   353
       Searing Ray       |     4 |    16 |    53 |    10 ||    83
       Dazzling Spray    |       |       |    17 |     3 ||    20
       Iskenderun's Myst |       |       |    28 |    25 ||    53
  Use: Scroll            |       |       |     8 |    10 ||    18
       Potion            |       |       |     2 |       ||     2
 Stab: Invisible         |       |       |       |     1 ||     1
  Eat: Chunk             |     2 |     8 |    16 |     6 ||    32
       Pizza             |       |       |     1 |       ||     1
       Royal jelly       |       |       |     1 |       ||     1
